AoeStats
← 297539664

Arena

509052331Analyzed
4v4 RM · 7d ago on Sep 25, 2026· 57m 24s· 8 players
Game mode
Random Map
Map size
Large (8 player)
Population
200
Speed
Normal
Resources
Standard
Victory
Conquest
Starting age
Dark Age
Ending age
Imperial Age
RankedLock teamsTeams togetherTeam positionsShared explorationLock speedFull tech treeHidden civsTurbo modeCheats
Victory
Defeat
🇨🇳 Vikings · China
1469
+13
🇨🇦 Varangians · Canada
1446
+13
🇨🇳 Mongols · China
1437
+14
🇹🇷 Vietnamese · Türkiye
1423
+14
🇨🇳 Khmer · China
1439
-15
🇨🇳 Spanish · China
1398
-14
🇨🇳 Franks · China
1381
-13
🇻🇳 Koreans · Vietnam
1343
-12
乌合之众
10:35 Feudal Age
14:13 Castle Age
16:54 Bloodlines
17:06 Loom
22:11 Padded Archer Armor
25:10 Leather Archer Armor
34:36 Wheelbarrow
36:32 Imperial Age
34:19 Fletching
37:40 Conscription
40:17 Ring Archer Armor
297539664
10:30 Feudal Age
13:37 Castle Age
11:29 Double-Bit Axe
11:45 Horse Collar
15:50 Bow Saw
21:42 Heavy Plow
24:08 Wheelbarrow
27:35 Imperial Age
25:40 Loom
26:37 Hand Cart
26:28 Scale Barding Armor
26:34 Forging
26:45 Husbandry
26:56 Bloodlines
26:07 Light Cavalry
27:35 Chain Barding Armor
28:09 Hussar
30:10 Plate Barding Armor
30:11 Gold Mining
31:42 Elite Battle Elephant
33:30 Iron Casting
33:38 Heavy Scorpion
36:30 Double Crossbow
peace
10:37 Feudal Age
11:45 Double-Bit Axe
14:35 Castle Age
14:37 Light Cavalry
16:57 Bow Saw
25:13 Gold Mining
28:46 Imperial Age
29:47 Imperial Age
28:34 Forging
28:57 Scale Mail Armor
30:15 Iron Casting
30:43 Chain Mail Armor
30:57 Conscription
32:16 Blast Furnace
38:04 Chemistry
38:03 Plate Mail Armor
39:27 Gold Shaft Mining
39:08 Stone Mining
40:03 Padded Archer Armor
40:44 Fletching
41:11 Leather Archer Armor
41:43 Wheelbarrow
40:54 Loom
40:54 Town Watch
42:20 Squires
43:24 Fletching
45:04 Bodkin Arrow
44:54 Elite Throwing Axeman
47:20 Scale Barding Armor
47:00 Treadmill Crane
47:15 Murder Holes
47:41 Ballistics
47:27 Siege Engineers
47:34 Husbandry
47:49 Pikeman
49:27 Cavalier
50:09 Chivalry
49:51 Ordonnance Companies
50:09 Elite Skirmisher
51:05 Paladin
52:30 Chain Barding Armor
53:51 Plate Barding Armor
57:25 Town Patrol
57:40 Hand Cart
57:25 Town Patrol
Chut Pro
11:39 Feudal Age
10:24 Loom
15:31 Castle Age
13:44 Double-Bit Axe
13:41 Horse Collar
15:19 Wheelbarrow
20:32 Hand Cart
26:42 Gold Mining
30:18 Imperial Age
28:19 Fletching
28:54 Bow Saw
28:45 Heavy Plow
29:18 Bodkin Arrow
30:37 Ballistics
31:15 Husbandry
31:43 Conscription
31:46 Bracer
32:50 Chemistry
32:33 Elite Fire Lancer
riduridu_
9:59 Feudal Age
13:55 Castle Age
11:47 Double-Bit Axe
13:07 Horse Collar
13:49 Forging
14:20 Town Watch
21:53 Bow Saw
21:46 Loom
23:16 Wheelbarrow
24:35 Gold Mining
28:44 Imperial Age
26:18 Husbandry
26:53 Bloodlines
27:44 Scale Barding Armor
28:28 Forging
29:12 Chain Barding Armor
30:14 Iron Casting
29:29 Light Cavalry
29:36 Cavalier
31:41 Plate Barding Armor
34:13 Blast Furnace
34:29 Pikeman
35:10 Squires
35:30 Halberdier
38:26 Light Cavalry
39:39 Scale Mail Armor
41:22 Hussar
42:29 Fletching
43:22 Heavy Plow
44:41 Chain Mail Armor
44:52 Bodkin Arrow
46:01 Masonry
46:10 Bracer
48:01 Architecture
48:41 Conscription
50:31 Ballistics
52:50 Chemistry
53:59 Siege Engineers
54:56 Murder Holes
55:59 Plate Mail Armor
58:25 Crop Rotation
59:00 Two-Man Saw
Lothwen
10:49 Feudal Age
11:35 Double-Bit Axe
14:29 Castle Age
12:44 Horse Collar
16:59 Bow Saw
19:03 Loom
21:32 Arson
22:51 Scale Mail Armor
24:37 Wheelbarrow
30:38 Imperial Age
28:28 Gold Mining
29:02 Forging
29:06 Heavy Plow
29:06 Stone Mining
30:03 Squires
30:20 Chain Mail Armor
31:09 Fletching
30:54 Elite Fire Lancer
34:32 Plate Mail Armor
34:37 Iron Casting
34:01 Onager
37:33 Iron Casting
39:55 Chemistry
45:18 Crossbowman
46:04 Thumb Ring
45:58 Bodkin Arrow
46:04 Padded Archer Armor
46:53 Bracer
47:32 Arbalester
48:38 Ballistics
55:50 Pikeman
向阳花
11:24 Feudal Age
15:04 Castle Age
13:28 Double-Bit Axe
13:25 Horse Collar
16:51 Bow Saw
21:18 Gold Mining
28:14 Imperial Age
25:54 Scale Mail Armor
25:52 Loom
25:32 Man-at-Arms
26:13 Squires
26:01 Arson
26:30 Long Swordsman
27:27 Chain Mail Armor
27:22 Forging
27:53 Gold Shaft Mining
28:05 Chieftains
28:14 Capped Ram
28:16 Two-Handed Swordsman
29:45 Plate Mail Armor
29:55 Conscription
29:10 Siege Ram
32:36 Champion
34:19 Iron Casting
34:13 Stone Mining
44:29 Elite Varangian Guard
49:56 Caravan
56:30 Blast Furnace
安心
10:16 Feudal Age
14:07 Castle Age
12:08 Double-Bit Axe
12:05 Horse Collar
16:42 Bow Saw
22:25 Loom
26:56 Fletching
29:57 Bodkin Arrow
32:30 Padded Archer Armor
33:08 Ballistics
37:07 Wheelbarrow
37:08 Heavy Plow
41:46 Imperial Age
39:59 Leather Archer Armor
40:37 Husbandry
40:47 Bloodlines
41:06 Thumb Ring
41:36 Hand Cart
41:41 Gold Mining
41:41 Stone Mining
42:10 Town Watch
42:35 Bracer
43:04 Parthian Tactics
43:32 Conscription
45:20 Chemistry
44:30 Masonry
44:26 Siege Engineers
44:27 Elite Mangudai
50:56 Drill
51:38 Hoardings
51:04 Town Watch
52:01 Capped Ram
52:46 Nomads
53:20 Siege Ram
57:01 Town Patrol
56:59 Murder Holes
57:15 Fortified Wall
Connection lost

Rejoining the realm…

Still unreachable

The connection could not be restored.

Session expired

The server has moved on; the page needs a fresh start.